Map: Amygdala

Players

Fjant

  • Race: Zerg Zerg
  • League: Master
  • Spawn Location: 1:00

SKillous - Winner!

  • Race: Protoss Protoss
  • League: Grandmaster
  • Spawn Location: 7:00

Event: HomeStory Cup XXVI

VOD

Have the link to the VOD?

Description

Time

  • Played on: Nov. 29, 2024, 8:16 a.m.
  • Length: 8:27

All games in this series

Show
View Real Time Build Order
Export as new Build Order

Fjant Zerg 

Build Orders: Hatch First 

Get SALT Encoding   

  12  0:00  Drone  
  13  0:08  Drone  
  14  0:14  Drone, Extractor  
  15  0:34  Hatchery  
  14  0:40  Drone, Extractor  
  15  0:45  Overlord  
  15  1:01  Spawning Pool  
  15  1:04  Drone  
  15  1:07  Drone  
  16  1:11  Drone  
  16  1:15  Drone  
  18  1:26  Drone  
  19  1:38  Drone  
  20  1:49  Zergling x2, Queen x2  
  20  1:53  Drone  
  26  2:00  Overlord  
  26  2:02  Drone  
  26  2:07  Drone  
  28  2:21  Drone  
  28  2:22  Hatchery  
  28  2:24  Drone x2  
  30  2:31  Drone  
  30  2:36  Zergling x2  
  32  2:39  Queen  
  32  2:41  Overlord  
  34  2:44  Drone  
  34  2:47  Extractor  
  35  2:51  Drone  
  35  2:56  Drone  
  36  2:59  Queen  
  37  3:06  Drone  
  37  3:10  Overlord  
  38  3:13  Drone x4  
  40  3:23  Drone  
  41  3:29  Drone  
  41  3:31  Zergling x4  
  41  3:33  Drone x2  
  46  3:35  Drone x2  
  47  3:52  Drone x6  
  50  3:57  Drone x2  
  50  4:00  Drone, Spore Crawler  
  52  4:11  Metabolic Boost  
  52  4:15  Spore Crawler, Drone, Extractor  
  51  4:21  Spore Crawler  
  51  4:22  Drone x5  
  51  4:23  Drone x2  
  59  4:29  Overlord  
  59  4:30  Overlord  
  56  4:35  Overlord  
  56  4:37  Drone, Evolution Chamber  
  56  4:41  Spore Crawler  
  56  4:44  Overlord  
  55  4:49  Drone x5  
  55  4:51  Drone  
  61  4:54  Zergling x6  
  61  4:59  Drone  
  65  5:00  Drone  
  65  5:03  Zerg Melee Weapons Level 1  
  66  5:08  Drone, Hatchery  
  66  5:09  Extractor  
  66  5:10  Extractor  
  66  5:12  Drone x3  
  67  5:15  Drone x2  
  67  5:17  Drone x2  
  71  5:26  Drone x3  
  71  5:28  Lair  
  74  5:31  Drone  
  74  5:32  Spore Crawler  
  74  5:33  Drone x2  
  76  5:38  Drone x4  
  80  5:46  Overlord  
  80  5:47  Zergling x4  
  80  5:48  Overlord x2  
  81  5:58  Overlord  
  81  5:59  Zergling x4  
  81  6:03  Zergling x8  
  76  6:06  Zergling x8  
  78  6:16  Zergling x10  
  77  6:21  Zergling x2  
  77  6:22  Zergling x6  
  77  6:24  Zergling x2  
  77  6:36  Drone  
  77  6:37  Drone  
  77  6:39  Zergling x4  
  75  6:41  Spore Crawler  
  74  6:47  Drone  
  74  6:50  Spore Crawler  
  74  6:52  Overlord  
  73  6:57  Drone x2  
  73  6:58  Spore Crawler, Drone  
  73  7:00  Drone  
  75  7:01  Drone  
  75  7:02  Drone  
  75  7:08  Roach Warren  
  76  7:14  Drone x7  
  83  7:18  Zergling x4  
  83  7:22  Zergling x8  
  86  7:25  Zergling x4  
  86  7:28  Zergling x2  
  87  7:35  Zergling x4  
  88  7:37  Zergling x4, Overlord  
  88  7:40  Overlord  
  90  7:48  Roach x7  
  99  7:54  Roach x4  
  103  7:58  Roach  
  103  7:59  Roach  
  103  8:01  Zergling x6  
  104  8:07  Zergling x10  
Show
View Real Time Build Order
Export as new Build Order

SKillous Protoss - Winner!

Build Orders: 1 Gate Expand, Oracle Opening 

Get SALT Encoding   

  12  0:00  Probe  
  13  0:12  Probe  
  14  0:19  Pylon  
  14  0:24  Probe  
  15  0:33  Probe  
  15  0:39  Gateway  
  15  0:41  Probe  
  16  0:46  Assimilator  
  17  0:51  Probe  
  18  1:03  Probe  
  19  1:15  Probe  
  20  1:21  Nexus  
  20  1:34  Cybernetics Core  
  20  1:35  Probe  
  21  1:40  Assimilator  
  21  1:47  Probe  
  21  1:50  Pylon  
  22  2:00  Adept, Probe  
  23  2:12  Probe  
  23  2:15  Stargate  
  26  2:24  Probe  
  26  2:25  Warp Gate  
  26  2:29  Adept, Probe  
  27  2:36  Probe  
  31  2:38  Probe  
  32  2:46  Oracle  
  32  2:48  Probe  
  32  2:49  Probe  
  37  3:00  Probe  
  37  3:01  Probe  
  37  3:02  Adept  
  41  3:12  Probe  
  42  3:17  Pylon  
  41  3:20  Probe  
  41  3:24  Oracle, Probe  
  41  3:32  Probe  
  45  3:36  Probe  
  46  3:42  Nexus  
  46  3:44  Probe  
  47  3:53  Probe  
  46  3:56  Gateway, Twilight Council  
  46  4:00  Probe  
  47  4:04  Resonating Glaives  
  47  4:05  Probe  
  47  4:06  Gateway  
  48  4:12  Probe  
  48  4:14  Gateway  
  47  4:18  Stalker  
  47  4:19  Probe  
  50  4:24  Probe  
  50  4:31  Probe  
  52  4:34  Pylon  
  52  4:36  Probe  
  53  4:43  Probe  
  53  4:45  Assimilator  
  54  4:46  Assimilator  
  54  4:49  Pylon  
  54  4:52  Adept x2, Probe  
  59  4:53  Probe  
  59  4:55  Probe  
  61  5:01  Probe  
  61  5:04  Adept, Probe  
  65  5:08  Adept  
  65  5:09  Probe x2  
  65  5:12  Adept x2  
  73  5:17  Probe  
  73  5:19  Robotics Facility  
  73  5:20  Pylon  
  74  5:21  Probe  
  74  5:25  Adept  
  74  5:27  Probe  
  78  5:30  Adept, Probe  
  78  5:32  Adept  
  78  5:34  Adept  
  85  5:40  Probe x2  
  87  5:43  Blink  
  87  5:50  Adept x2  
  91  5:58  Adept, Pylon  
  91  6:00  Probe  
  90  6:08  Immortal  
  90  6:10  Gateway  
  90  6:11  Gateway  
  90  6:12  Gateway  
  88  6:25  Gateway, Sentry x3  
  92  6:27  Pylon  
  92  6:36  Adept  
  84  6:41  Warp Prism  
  84  6:44  Shield Battery  
  84  6:46  Assimilator  
  82  6:51  Assimilator, Sentry  
  82  6:52  Sentry, Adept  
  90  7:00  Pylon  
  91  7:04  Adept  
  92  7:10  Adept x3  
  98  7:16  Pylon  
  98  7:18  Gateway  
  98  7:19  Stalker x2  
  98  7:20  Stalker x2, Gateway  
  106  7:24  Stalker  
  106  7:25  Stalker  
  110  7:33  Pylon  
  110  7:38  Adept x3  
  110  7:43  Adept x3  
  122  7:56  Adept x2  
  126  8:01  Adept x3  
  126  8:04  Adept  
  126  8:05  Adept  
  132  8:12  Pylon x3  
  132  8:15  Pylon  
  132  8:18  Stalker  
  130  8:21  Stalker x2  
Tags
 
Add a new tag
Caveats
  • Supply blocks, unpowered buildings, or Contaminate may cause inaccurate times.
  • Supply counts are checked every 10 seconds.